 Dungeon Crawl Stone Soup version 0.31-a0-198-g2ad674f65e (webtiles) character file.

Game seed: 2424688458015324087

2744 qw the Markself (level 9, -9/50 HPs)
             Began as a Deep Elf Hunter on June 25, 2023.
             Was a Follower of Okawaru.
             Mangled by a komodo dragon (30 damage)
             ... on level 8 of the Dungeon.
             The game lasted 00:03:27 (7225 turns).

qw the Markself (Deep Elf Hunter)                   Turns: 7225, Time: 00:03:28

Health: -9/50      AC:  7    Str: 12    XL:     9   Next: 41%
Magic:  14/14      EV: 21    Int: 15    God:    Okawaru [*.....]
Gold:   532        SH:  0    Dex: 18    Spells: 8/8 levels left

rFire   + . .        Y - +0 orcbow
rCold   . . .        (shield currently unavailable)
rNeg    . . .        i - +0 ring mail
rPois   .            b - +0 helmet
rElec   .            (no cloak)
rCorr   .            (no gloves)
SInv    .            (no boots)
Will    .....        (no amulet)
Stlth   +++          f - ring of protection from fire
HPRegen 0.28/turn    m - +5 ring of evasion
MPRegen 0.14/turn

%: no passive effects
@: about to teleport, heroic
A: no striking features
a: Renounce Religion, Heroism


You were on level 8 of the Dungeon.
You worshipped Okawaru.
Okawaru was aware of your devotion.
You visited 2 branches of the dungeon, and saw 9 of its levels.
You also visited: Ossuary.

You collected 532 gold pieces.


   Skills:
 + Level 3.0(8.0) Fighting
 - Level 15.0(20.0) Ranged Weapons
 - Level 1.4(6.4) Armour
 - Level 5.0(10.0) Dodging
 - Level 1.2(6.2) Stealth
 - Level 4.1 Invocations


You had 8 spell levels left.
You didn't know any spells.
Your spell library was empty.

Inventory:

Hand Weapons
 Y - a +0 orcbow (weapon)
Armour
 b - a +0 helmet (worn)
 i - a +0 ring mail (worn)
Jewellery
 a - a ring of fire
 f - a ring of protection from fire (left hand)
 m - a +5 ring of evasion (right hand)
Scrolls
 c - a scroll of identify
 d - 2 scrolls of teleportation
Potions
 e - a potion of cancellation
 g - 2 potions of curing
 h - a potion of magic
 j - 4 potions of haste
 k - a potion of might {unknown}
 l - 2 potions of heal wounds

Dungeon Overview and Level Annotations

Branches:
Dungeon (8/15)             Temple (0/1) D:7            Lair (1/5) D:8
Ossuary (visited)

Altars:
Ashenzari
Cheibriados
Fedhas
Gozag
Kikubaaqudgha
Nemelex Xobeh
Okawaru
Ru
Vehumet
Yredelemnul
Zin

Annotations:
D:3 1 runed translucent door, Crazy Yiuf
D:6 2 transporters, qw's ghost, novice DEHu


Message History

The arrow closely misses the komodo dragon.
The komodo dragon misses you.
You shoot an arrow.
The arrow completely misses the komodo dragon.
The komodo dragon misses you.
You shoot an arrow.
The arrow closely misses the komodo dragon.
You shoot an arrow. The arrow hits the komodo dragon!
The komodo dragon is moderately wounded.
The komodo dragon bites you.
You shoot an arrow.
The arrow hits the komodo dragon but does no damage.
The komodo dragon is moderately wounded.
The komodo dragon bites you.
You shoot an arrow. The arrow hits the komodo dragon!
The komodo dragon is heavily wounded.
The komodo dragon barely misses you.
You shoot an arrow. The arrow hits the komodo dragon!
The komodo dragon is severely wounded.
The komodo dragon bites you!!
Ouch! That really hurt!
7220 ||| STAIRDANCE The komodo dragon bites you!
You climb upwards.
Welcome back to the Dungeon!
There is a staircase to the Lair here.
7222 ||| READING 3 scrolls of teleportation.
As you read the scroll of teleportation, it crumbles to dust.
You feel strangely unstable. The komodo dragon closely misses you.
7223 ||| DRINKING 3 potions of heal wounds.
You feel much better. The komodo dragon barely misses you.
You shoot an arrow.
The arrow hits the komodo dragon but does no damage.
The komodo dragon is severely wounded.
You shoot an arrow. The arrow hits the komodo dragon!
The komodo dragon is almost dead.
The komodo dragon bites you!!
Ouch! That really hurt!
You die...

##...............## #.##
#..............### #..#
##)............## #####.#
#.)#........#######...#.##
##)##.......#...~...#.....###
#.###.........#...#.........###
..#
#.##.#...##.P.##..........##
.##
####.#.#...P.P...#.........# ##
#...#~..l@...~#.........## #
###.#..PPP.P..#..........# #
#...##PPP##............#
#....#...#.............#
#..#...~...#............
#...#######...#......... ##..#
###########.....#
##.####..###### ###.###
#...........)#####..##


You could see a komodo dragon.

Vanquished Creatures
  Grinder (D:3)
  2 steam dragons
  2 orc warriors
  2 sky beasts (D:8)
  A black bear (D:5)
  2 ice beasts (D:5)
  An ogre (D:4)
  2 centaurs
  3 kobold brigands
  Blork the orc (D:4)
  A bullfrog (D:6)
  An elf zombie (Ossuary)
  A scorpion (D:7)
  A howler monkey (D:6)
  A hound (D:6)
  A human zombie (Ossuary)
  4 orc priests
  3 sleepcaps
  Jessica (D:2)
  An iguana (D:6)
  7 orc wizards
  Natasha (twice) (D:3)
  2 mummies (Ossuary)
  14 gnolls
  8 adders
  A white imp (D:4)
  2 ufetubi
  2 adder zombies (Ossuary)
  A worm (D:2)
  5 dart slugs
  21 orcs
  2 bats (D:1)
  5 endoplasms
  3 giant cockroaches
  5 goblins
  4 hobgoblins
  3 jackals (D:1)
  6 quokkas
  6 ball pythons
  2 frilled lizards
  3 goblin zombies (Ossuary)
  12 hobgoblin zombies (Ossuary)
  2 jackal zombies (Ossuary)
  21 kobolds
  11 kobold zombies (Ossuary)
  5 orc zombies (Ossuary)
  3 rats
190 creatures vanquished.

Notes
Turn   | Place    | Note
-------+----------+-------------------------------------------
     0 | D:1      | qw the Deep Elf Hunter began the quest for the Orb.
     0 | D:1      | Reached XP level 1. HP: 12/12 MP: 3/3
     0 | D:1      | 0 ||| qw: Version: 0.3-a-22-g0ed2b0b
     0 | D:1      | 0 ||| qw: Game counter: 5023
     0 | D:1      | 0 ||| qw: Melee chars always use a shield: true
     0 | D:1      | 0 ||| qw: God list: Okawaru
     0 | D:1      | 0 ||| qw: Allow faded altars: false
     0 | D:1      | 0 ||| qw: Do Orc after clearing Dungeon:15 true
     0 | D:1      | 0 ||| qw: Do second Lair branch before Depths: true
     0 | D:1      | 0 ||| qw: Lair rune preference: random
     0 | D:1      | 0 ||| qw: Goals: Normal
     0 | D:1      | 0 ||| PLANNING D:1-11
    99 | D:1      | Reached XP level 2. HP: 16/16 MP: 4/4
   100 | D:1      | Reached skill level 6 in Ranged Weapons
   390 | D:1      | Reached XP level 3. HP: 20/20 MP: 5/5
   584 | D:1      | 584 ||| UPGRADING to +0 ring mail.
   594 | D:1      | 594 ||| DROPPING +0 leather armour.
   595 | D:1      | 595 ||| UPGRADING to ring of protection from fire.
   596 | D:1      | 596 ||| UPGRADING to +5 ring of evasion.
   597 | D:1      | 597 ||| READING scroll labelled KAJ YFOMUMO.
   600 | D:1      | 600 ||| READING scroll labelled REIT DEHYDYRR.
   601 | D:1      | 601 ||| READING scroll labelled TEPAUM LUC XOJ.
   602 | D:1      | 602 ||| DRINKING 2 brown potions.
   648 | D:1      | 648 ||| DRINKING 2 ruby potions.
   649 | D:1      | 649 ||| DROPPING scroll of butterflies.
   650 | D:1      | 650 ||| DROPPING potion of lignification.
   651 | D:1      | 651 ||| DROPPING potion of degeneration.
   779 | D:2      | Reached skill level 7 in Ranged Weapons
   800 | D:2      | 800 ||| Stepping ~*~*~tactically~*~*~ (outnumbered).
   803 | D:2      | Reached XP level 4. HP: 24/25 MP: 6/6
  1294 | D:2      | Found a faded altar of an unknown god.
  1365 | D:2      | Noticed Jessica
  1367 | D:2      | Killed Jessica
  1368 | D:2      | Reached skill level 8 in Ranged Weapons
  1505 | D:2      | 1505 ||| READING scroll labelled HOALIG XAXOREL.
  1506 | D:2      | 1506 ||| READING scroll labelled DAESOP YREDU.
  1507 | D:2      | 1507 ||| READING scroll labelled XESAHYSIOCS.
  1662 | D:3      | Found an iron altar of Okawaru.
  1703 | D:3      | 1703 ||| PLANNING OKAWARU WORSHIP
  1703 | D:3      | 1703 ||| READING scroll labelled JAEWAN ZUIS LIYR.
  1711 | D:3      | Became a worshipper of Warmaster Okawaru
  1712 | D:3      | 1712 ||| PLANNING D:1-11
  1781 | D:3      | Noticed Natasha
  1783 | D:3      | Killed Natasha
  1784 | D:3      | Reached XP level 5. HP: 29/29 MP: 7/7
  1876 | D:3      | Noticed Grinder
  1883 | D:3      | Killed Grinder
  1884 | D:3      | Reached skill level 10 in Ranged Weapons
  1884 | D:3      | Reached XP level 6. HP: 14/34 MP: 8/8
  2089 | D:3      | You fall into a shaft and drop 3 floors!
  2099 | D:6      | Found a transporter.
  2100 | D:6      | Identified the +11 dire flail of Insufficient Pleasure
                  | {heavy, Will++ Int-5 Dex+5}
  2102 | D:6      | Noticed qw's ghost (novice DEHu)
  2104 | D:6      | 2104 ||| READING scroll labelled GILIUB JANIMNEV.
  2111 | D:5      | Entered Level 5 of the Dungeon
  2112 | D:5      | 2112 ||| PLANNING OSSUARY
  2145 | D:5      | Noticed an ice beast
  2154 | D:5      | Killed an ice beast
  2154 | D:5      | Reached * piety under Okawaru
  2157 | D:5      | 2157 ||| INVOKING Heroism.
  2161 | D:5      | Reached skill level 3 in Dodging
  2161 | D:5      | Reached skill level 1 in Invocations
  2161 | D:5      | Reached XP level 7. HP: 29/40 MP: 6/10
  2248 | D:5      | 2248 ||| SWAPPING to +0 orcbow.
  2249 | D:5      | 2249 ||| DROPPING +1 shortbow.
  2296 | D:5      | 2296 ||| INVOKING Heroism.
  2346 | D:5      | 2346 ||| INVOKING Heroism.
  2410 | D:5      | 2410 ||| FLEEEEING.
  2418 | D:5      | 2418 ||| FLEEEEING.
  2419 | D:5      | 2419 ||| FLEEEEING.
  2420 | D:5      | 2420 ||| FLEEEEING.
  2421 | D:5      | 2421 ||| FLEEEEING.
  2422 | D:5      | 2422 ||| FLEEEEING.
  2423 | D:5      | 2423 ||| FLEEEEING.
  2428 | D:5      | 2428 ||| FLEEEEING.
  2429 | D:5      | 2429 ||| FLEEEEING.
  2430 | D:5      | 2430 ||| FLEEEEING.
  2431 | D:5      | 2431 ||| FLEEEEING.
  2432 | D:5      | 2432 ||| FLEEEEING.
  2435 | D:5      | 2435 ||| FLEEEEING.
  2440 | D:5      | 2440 ||| STAIRDANCE
  2447 | D:4      | 2447 ||| INVOKING Heroism.
  2533 | D:5      | 2533 ||| STAIRDANCE
  2580 | D:5      | 2580 ||| STAIRDANCE
  2584 | D:4      | Reached skill level 3 in Invocations
  2735 | D:5      | Found an opulent altar of Gozag.
  2740 | D:5      | Found an opulent altar of Gozag.
  2745 | D:5      | Found an opulent altar of Gozag.
  2753 | D:5      | Found an opulent altar of Gozag.
  2813 | D:5      | Found a sand-covered staircase.
  2822 | Ossuary  | Entered an ossuary
  2858 | Ossuary  | Reached skill level 11 in Ranged Weapons
  3017 | Ossuary  | Reached XP level 8. HP: 44/45 MP: 13/13
  3075 | Ossuary  | 3075 ||| READING scroll labelled PUKKUR RIRAB.
  3076 | Ossuary  | 3076 ||| DRINKING 4 murky dark potions.
  3077 | Ossuary  | 3077 ||| DRINKING 2 puce potions.
  3092 | D:5      | 3092 ||| PLANNING D:1-11
  3111 | D:5      | 3111 ||| FLEEEEING.
  3372 | D:3      | Noticed Natasha
  3388 | D:3      | 3388 ||| INVOKING Heroism.
  3397 | D:3      | Killed Natasha
  3543 | D:3      | Found a runed translucent door.
  3544 | D:3      | Noticed Crazy Yiuf
  4008 | D:4      | 4008 ||| Stepping ~*~*~tactically~*~*~ (outnumbered).
  4011 | D:4      | 4011 ||| Stepping ~*~*~tactically~*~*~ (outnumbered).
  4048 | D:4      | Found a basalt altar of Yredelemnul.
  4133 | D:4      | Found a radiant altar of Vehumet.
  4167 | D:4      | Noticed Blork the orc
  4169 | D:4      | 4169 ||| INVOKING Heroism.
  4174 | D:4      | Killed Blork the orc
  4175 | D:4      | Reached skill level 12 in Ranged Weapons
  4191 | D:4      | Identified the +8 war axe "Vathaul" {elec, Str+3 SInv}
  4204 | D:4      | Found an ancient bone altar of Kikubaaqudgha.
  4210 | D:4      | Found a sacrificial altar of Ru.
  4213 | D:4      | 4213 ||| INVOKING Heroism.
  4217 | D:4      | Reached skill level 1 in Armour
  4229 | D:4      | Found a blossoming altar of Fedhas.
  4229 | D:4      | Found a broken altar of Ashenzari.
  4236 | D:4      | Found a glowing silver altar of Zin.
  4370 | D:4      | 4370 ||| READING scroll labelled HOMUCI HEPTUTU.
  4554 | D:6      | 4554 ||| INVOKING Heroism.
  4561 | D:6      | 4561 ||| STAIRDANCE
  4574 | D:5      | Reached skill level 3 in Fighting
  4813 | D:6      | Identified the +2 buckler of the Harvest Moon {rPois rC+}
  5020 | D:6      | Found a transporter.
  5200 | D:6      | 5200 ||| INVOKING Heroism.
  5211 | D:6      | Reached skill level 13 in Ranged Weapons
  5354 | D:6      | 5354 ||| READING scroll labelled CAOREH JEIKIOH.
  5355 | D:6      | 5355 ||| READING 3 scrolls of identify.
  5355 | D:6      | 5355 ||| IDENTIFYING smoky coppery potion
  5356 | D:6      | 5356 ||| READING 2 scrolls of identify.
  5356 | D:6      | 5356 ||| IDENTIFYING lumpy dark potion
  5357 | D:6      | 5357 ||| DROPPING potion of attraction.
  5383 | D:7      | 5383 ||| INVOKING Heroism.
  5419 | D:7      | Found a snail-covered altar of Cheibriados.
  5576 | D:7      | 5576 ||| INVOKING Heroism.
  5582 | D:7      | Reached XP level 9. HP: 50/50 MP: 11/14
  5659 | D:7      | Reached skill level 14 in Ranged Weapons
  5918 | D:7      | Found a staircase to the Ecumenical Temple.
  6239 | D:7      | 6239 ||| UPGRADING to +0 helmet.
  6244 | D:7      | 6244 ||| DRINKING 2 amethyst potions.
  6245 | D:7      | 6245 ||| READING 3 scrolls of identify.
  6245 | D:7      | 6245 ||| IDENTIFYING blue potion
  6246 | D:7      | 6246 ||| READING 2 scrolls of identify.
  6246 | D:7      | 6246 ||| IDENTIFYING viscous ruby potion
  6247 | D:7      | 6247 ||| DROPPING potion of brilliance.
  6289 | D:8      | 6289 ||| INVOKING Heroism.
  6357 | D:8      | 6357 ||| INVOKING Heroism.
  6569 | D:8      | 6569 ||| Stepping ~*~*~tactically~*~*~ (outnumbered).
  6620 | D:8      | Found a staircase to the Lair.
  6913 | D:8      | 6913 ||| INVOKING Heroism.
  6917 | D:8      | Reached skill level 15 in Ranged Weapons
  6935 | D:8      | Found a sparkling altar of Nemelex Xobeh.
  7104 | D:8      | 7104 ||| PLANNING LAIR
  7141 | Lair:1   | Entered Level 1 of the Lair of Beasts
  7150 | Lair:1   | Noticed an oklob plant
  7150 | Lair:1   | Noticed a komodo dragon
  7150 | Lair:1   | Noticed a komodo dragon
  7151 | Lair:1   | 7151 ||| FLEEEEING.
  7157 | Lair:1   | 7157 ||| STAIRDANCE
  7208 | Lair:1   | 7208 ||| INVOKING Heroism.
  7220 | Lair:1   | 7220 ||| STAIRDANCE
  7220 | Lair:1   | HP: 1/50 [komodo dragon (15)]
  7222 | D:8      | 7222 ||| READING 3 scrolls of teleportation.
  7223 | D:8      | 7223 ||| DRINKING 3 potions of heal wounds.
  7225 | D:8      | Mangled by a komodo dragon

Levels and vault maps discovered:
D:1:      sevenhm_arrival_forest_fort_large_4, layout_rooms
D:2:      layout_basic, shapermc_ecumenical_altar_totnotflames, uniq_jessica
D:3:      layout_basic, amcnicky_altar_gilded, uniq_crazy_yiuf_cottage,
          uniq_grinder, uniq_natasha
D:4:      layout_cave_pools, nicolae_overflow_hallway_of_the_gods,
          mainiacjoe_overflow_catch_the_wave, minivault_19, uniq_blork_the_orc
D:5:      minmay_general_purpose_star, layout_rooms,
          nicolae_gozag_conspicuous_consumption,
          lightli_ossuary_entry_decrepit_ruins
D:6:      layout_loops_ring, gammafunk_ghost_smash
D:7:      layout_loops_corners, lemuel_crystal_altar, temple_hall,
          dk_rats_in_the_wall
D:8:      layout_cave_pods, nemelex_xobeh_ov_fountains_minmay,
          dpeg_oklobed_lair, kennysheep_crisscross
Lair:1:   layout_loops_ring

Skill      XL: |  1  2  3  4  5  6  7  8  9 |
---------------+----------------------------+-----
Ranged Weapons | 6 7 8 10 11 13 15 | 15.0
Fighting       | 2 3 |  3.0
Dodging        | 3 4 5 |  5.0
Invocations    | 1 4 |  4.1
Armour         | 1 |  1.4
Stealth        | |  1.2

Action                     |  1- 3 |  4- 6 |  7- 9 || total
---------------------------+-------+-------+-------++-------
   Fire: Shortbow          |    93 |    76 |       ||   169
         Orcbow            |       |       |   508 ||   508
 Invoke: Heroism           |       |     1 |    14 ||    15
    Use: Scroll            |     3 |     5 |     8 ||    16
         Potion            |     2 |       |     4 ||     6
 Armour: Leather armour    |     5 |       |       ||     5
         Ring mail         |     2 |     4 |    38 ||    44
  Dodge: Dodged            |    39 |    29 |   181 ||   249

Table legend:
 A = Non-vault XP
 B = Vault XP
 C = Vault XP percentage of total XP
 D = Non-vault monster count
 E = Vault monster count
 F = Vault count percentage of total count
                 A         B        C        D         E       F
            +---------+---------+-------+---------+---------+-------
      Total |    3026 |     894 |  22.8 |     145 |      45 |  23.7
            +---------+---------+-------+---------+---------+-------
        D:1 |      48 |       0 |   0.0 |      25 |       0 |   0.0
        D:2 |      76 |      37 |  32.7 |      14 |       1 |   6.7
        D:3 |     101 |     312 |  75.5 |      19 |       2 |   9.5
        D:4 |     296 |      96 |  24.5 |      21 |       1 |   4.5
        D:5 |     458 |     230 |  33.4 |      15 |       2 |  11.8
        D:6 |     647 |       0 |   0.0 |      18 |       0 |   0.0
        D:7 |     594 |       0 |   0.0 |      15 |       0 |   0.0
        D:8 |     806 |       0 |   0.0 |      18 |       0 |   0.0
    Ossuary |       0 |     219 | 100.0 |       0 |      39 | 100.0
            +---------+---------+-------+---------+---------+-------
